[Event "*** Titled Tuesday Blitz"]
[Site "Chess.com"]
[Date "2021.02.09"]
[Round "7"]
[White "andriipalchuk"]
[Black "malakismayil"]
[Result "1/2-1/2"]
[WhiteElo "2569"]
[BlackElo "2382"]
[TimeControl "180+1"]
[EndTime "11:20:59 PST"]
[Termination "Game drawn by agreement"]

1. d4 Nf6 2. c4 e6 3. Nf3 Bb4+ 4. Bd2 Qe7 5. g3 Nc6 6. Bg2 O-O 7. O-O Bxd2 8. Qxd2 d6 9. Nc3 e5 10. e4 Bg4 11. d5 Nb8 12. Ne1 a5 13. Nd3 Na6 14. f4 Bd7 15. h3 Nb4 16. Nf2 Na6 17. f5 h6 18. g4 Nh7 19. Rae1 Nc5 20. b3 Qh4 21.
Re3 Rae8 22. Qe2 h5 23. Rb1 Ng5 24. a3 a4 25. bxa4 b6 26. gxh5 Bxa4 27. Qg4 Qxg4 28.
hxg4 Bd7 29. Nd3 Ra8 30. Nxc5 dxc5 31. Nb5 Bxb5 32. cxb5 Ra4 33. Kf2 Rfa8 34. Rbb3 f6 35. Rbd3 Nf7 36. Kg3 Nd6 37. Rb3 c4 38. Rb1 Rxa3 39.
Kf2 Rxe3 40. Kxe3 Ra3+ 41. Kf2 Ra5 42. Bf1 Nxb5 43. Bxc4 Nd6 44. Bd3 Ra4 45. Ke2 Ra2+ 46. Ke3 Ra3 47. Ke2 Kf7 48. Rc1 Ra7 49. Rc2 Ke7 50. Ke3 Kd7 51. Rg2 Nf7 52. Rh2 Ra3 53. Rc2 Nd6 54. Ke2 b5 55. Rb2 Ra5 56. Kd2 Ra1 57.
Bxb5+ Nxb5 58. Rxb5 Rg1 59. Rb3 Rxg4 60. Re3 Kd6 61. Kd3 Kc5 62. Kc3 Rh4 63. Rg3 Rxh5 64.
Rxg7 Rh4 65. Rxc7+ Kb5 66. Rf7 Rxe4 67. Rxf6 Rd4 68. d6 Kc6 69. d7+ Kxd7 70. Re6 Rf4 71. Rxe5 Kd6 72. Ra5 Ke7 73. Kd3 Kf6 74. Ra6+ Kxf5 75.
Ke3 Re4+ 76. Kf3 Re5 77. Ra8 Rb5 78. Rf8+ Ke6 79. Rh8 Rb3+ 80. Ke4 Rb4+ 81. Kd3 Rb3+ 82. Kc4 Rg3 83. Rh5 Rg4+ 84. Kd3 Kf6 85. Ke3 Kg6 86.
Rb5 Rg5 87. Rb6+ Kf7 88. Kf4 Ra5 89. Rc6 Ra4+ 90. Kf5 Ra5+ 91. Kf4 Ke7 92. Rh6 Kd7 1/2-1/2

[Event "*** Titled Tuesday Blitz"]
[Site "Chess.com"]
[Date "2021.02.09"]
[Round "7"]
[White "NoGalloNoParty"]
[Black "vladgoncharov"]
[Result "0-1"]
[WhiteElo "2355"]
[BlackElo "2494"]
[TimeControl "180+1"]
[EndTime "11:21:41 PST"]
[Termination "vladgoncharov won on time"]

1. d4 Nf6 2. Nf3 e6 3. c4 Bb4+ 4. Nbd2 d5 5. a3 Be7 6. g3 O-O 7. Bg2 b6 8. O-O c6 9. Qc2 Ba6 10. Rd1 Nbd7 11. b3 Rc8 12. e4 dxe4 13. Nxe4 Nxe4 14.
Qxe4 Nf6 15. Qe2 b5 16. c5 Nd5 17. Bd2 Bf6 18. b4 Re8 19. Re1 Qc7 20. Rad1 Rcd8 21.
h4 h6 22. Qe4 Bc8 23. Bf1 Be7 24. Bd3 f5 25. Qe2 Bf6 26. Ne5 Bxe5 27. Qxe5 Qxe5 28. Rxe5 Nf6 29. Bc3 Kf7 30. Rde1 Rd5 31. a4 a6 32. axb5 cxb5 33. Bc2 Rxe5 34. Rxe5 Bb7 35. Bb3 Bd5 36.
Bc2 Rd8 37. Bd2 Nd7 38. Re1 Nb8 39. Kf1 Bb7 40. Bc3 Nc6 41. Rd1 Ne7 42. Ke2 Nd5 43. Be1 Ra8 44. Bb3 Bc6 45. Bxd5 Bxd5 46. Ke3 Rd8 47.
Bc3 Bc6 48. Ra1 Bb7 49. Kf4 Rd5 50. h5 Kf6 51. Ke3 Kf7 52. f4 g6 53. Ra3 gxh5 54.
Ra1 Kg6 55. Rh1 Rd8 56. Rh4 Ra8 57. Kd2 Bd5 58. Ke3 Rb8 59. Kd2 a5 60. bxa5 b4 61. Bb2 Ra8 62. Rh2 Rxa5 63. Kc1 Bc6 64. Re2 Bd5 65. Rc2 Ra6 66. Re2 b3 67. Re3 Ra4 68. Kd2 Rb4 69. Rc3 Rb8 70. Kd3 Rc8 71. Rc1 Kf7 72.
Kc3 Ke7 73. Kb4 Kd7 74. Ra1 Rb8+ 75. Kc3 Rb7 76. Ra6 h4 77. gxh4 Ke7 78. Rd6 Kf7 79. Rb6 Rc7 80. Rb4 Kg6 81. Rb8 Kh5 82. Rh8 Rg7 83. Rf8 Rg3+ 84. Kb4 Kxh4 85. Ka3 Rg2 86. Rh8 h5 87. Rc8 Rc2 88. c6 Kg4 89. Rh8 Kf3 90.
Rxh5 Rxc6 91. Rh3+ Ke4 92. Rh2 Rc4 93. Rf2 Ke3 94.
Rh2 Kxf4 95. Rf2+ Kg3 96. Rd2 f4 97. Rd3+ f3 98. Rxb3 Kg2 99. Re3 f2 100. Re2 Kf3 101. Rxf2+ Kxf2 102. Kb3 Ke2 103. Bc3 Ke3 104. Kc2 Ke4 105. Kd2 Rxd4+ 106. Bxd4 Kxd4 107. Ke2 e5 108. Kf2 e4 109.
Ke2 e3 110. Ke1 Bc4 111. Kd1 Kd3 112. Ke1 e2 113. Kf2 Kd2 114. Kg3 e1=Q+ 0-1

[Event "*** Titled Tuesday Blitz"]
[Site "Chess.com"]
[Date "2021.02.09"]
[Round "8"]
[White "ElCoachRene"]
[Black "zurzan"]
[Result "1-0"]
[WhiteElo "2194"]
[BlackElo "1997"]
[TimeControl "180+1"]
[EndTime "11:22:51 PST"]
[Termination "ElCoachRene won by checkmate"]

1. d4 d6 2. Bf4 g6 3. e3 Bg7 4.
Nf3 Nf6 5. h3 O-O 6. Nbd2 Nbd7 7. Bc4 c6 8. a4 d5 9. Bd3 Nh5 10.
Bg5 h6 11. Bh4 g5 12. Nxg5 hxg5 13. Qxh5 gxh4 14. Qh7# 1-0

[Event "*** Titled Tuesday Blitz"]
[Site "Chess.com"]
[Date "2021.02.09"]
[Round "8"]
[White "PowerThinking2650"]
[Black "Stormeman100100"]
[Result "1/2-1/2"]
[WhiteElo "2408"]
[BlackElo "2528"]
[TimeControl "180+1"]
[EndTime "11:23:18 PST"]
[Termination "Game drawn by agreement"]

1. e4 e5 2. Nf3 Nc6 3. Nc3 Nf6 4. d4 exd4 5. Nxd4 Bb4 6. Nxc6 bxc6 7. Bd3 d5 8. exd5 O-O 9. O-O Bg4 10. f3 Bh5 11. dxc6 Qd4+ 12. Kh1 Bxc3 13. bxc3 Qxc3 14. Bf4 Qxc6 15. Qd2 Bg6 16. Qa5 Be4 1/2-1/2

[Event "*** Titled Tuesday Blitz"]
[Site "Chess.com"]
[Date "2021.02.09"]
[Round "8"]
[White "YIYUKI"]
[Black "Chopper1905"]
[Result "0-1"]
[WhiteElo "2148"]
[BlackElo "2946"]
[TimeControl "180+1"]
[EndTime "11:24:07 PST"]
[Termination "Chopper1905 won by resignation"]

1. d4 Nf6 2. c4 g6 3. Nc3 d5 4. Bg5 Ne4 5. Bh4 g5 6. Bg3 h5 7. Nxd5 e6 8. Nxc7+ Qxc7 9. Bxc7 Bb4+ 10. Qd2 Bxd2+ 11.
Kd1 Na6 12. f3 Nf2+ 13. Kxd2 Nxc7 0-1

[Event "*** Titled Tuesday Blitz"]
[Site "Chess.com"]
[Date "2021.02.09"]
[Round "8"]
[White "Aslanov_Umid"]
[Black "Gulkov_Igor"]
[Result "1-0"]
[WhiteElo "2371"]
[BlackElo "2484"]
[TimeControl "180+1"]
[EndTime "11:24:08 PST"]
[Termination "Aslanov_Umid won by resignation"]

1. e4 c5 2. Nf3 d6 3. d4 cxd4 4.
c3 Nf6 5. Bd3 dxc3 6. Nxc3 Nc6 7. Bf4 Bg4 8. h3 Bxf3 9. Qxf3 e6 10. O-O Be7 11. Rfd1 Qa5 12. Nb5 Ne5 13. Bxe5 dxe5 14. Qg3 Nh5 15. Qxe5 1-0

[Event "*** Titled Tuesday Blitz"]
[Site "Chess.com"]
[Date "2021.02.09"]
[Round "8"]
[White "HrvojeZagreb"]
[Black "Azde"]
[Result "1-0"]
[WhiteElo "2232"]
[BlackElo "2337"]
[TimeControl "180+1"]
[EndTime "11:24:11 PST"]
[Termination "HrvojeZagreb won by resignation"]

1. d4 Nf6 2. Bf4 e6 3. e3 d5 4. Nf3 Bd6 5. Bg3 O-O 6. Bd3 c5 7. c3 Nc6 8. Nbd2 b6 9. e4 dxe4 10. Nxe4 Nxe4 11. Bxe4 Bb7 12. Qa4 Qc7 13. O-O-O Bf4+ 14.
Kb1 Rac8 15. dxc5 bxc5 16. Bxf4 Qxf4 17. Bxh7+ 1-0

[Event "*** Titled Tuesday Blitz"]
[Site "Chess.com"]
[Date "2021.02.09"]
[Round "8"]
[White "lelajavakhishvili"]
[Black "Smile2005"]
[Result "1-0"]
[WhiteElo "2490"]
[BlackElo "2342"]
[TimeControl "180+1"]
[EndTime "11:24:13 PST"]
[Termination "lelajavakhishvili won by resignation"]

1. d4 Nf6 2. c4 g6 3. Nf3 Bg7 4. g3 O-O 5. Bg2 d6 6. O-O Nc6 7. b3 e5 8. Bb2 h6 9. dxe5 Ng4 10. Nc3 Ngxe5 11. Qd2 Nxf3+ 12. exf3 Ne5 13. f4 Nc6 14. Nd5 Bxb2 15. Qxb2 f5 16. Rfe1 Bd7 17. Re3 Rf7 18. Rae1 Qf8 19. b4 Rc8 20. b5 Nd8 21. Ne7+ Kh7 22.
Nxc8 Bxc8 23. Re8 1-0

[Event "*** Titled Tuesday Blitz"]
[Site "Chess.com"]
[Date "2021.02.09"]
[Round "8"]
[White "Willychess95"]
[Black "MrTattaglia"]
[Result "1-0"]
[WhiteElo "2638"]
[BlackElo "2783"]
[TimeControl "180+1"]
[EndTime "11:24:34 PST"]
[Termination "Willychess95 won by resignation"]

1. e4 c6 2. d4 d5 3. e5 c5 4. dxc5 Nc6 5. Bb5 d4 6. Bxc6+ bxc6 7. Nf3 Qa5+ 8. Qd2 Qxc5 9. Qxd4 Qxc2 10. O-O e6 11. Rd1 Be7 12. Nc3 c5 13. Qc4 Nh6 14. Qb5+ Kf8 15. Qc6 Rb8 16. Qc7 Ra8 17. Rd8+ 1-0

[Event "*** Titled Tuesday Blitz"]
[Site "Chess.com"]
[Date "2021.02.09"]
[Round "8"]
[White "CM_rui"]
[Black "TregubovP"]
[Result "1-0"]
[WhiteElo "2368"]
[BlackElo "2566"]
[TimeControl "180+1"]
[EndTime "11:24:56 PST"]
[Termination "CM_rui won by resignation"]

1. e4 e5 2. Nf3 Nc6 3. Bb5 a6 4. Ba4 d6 5. O-O Bd7 6. c3 g6 7.
d4 Bg7 8. Re1 Nge7 9. h3 O-O 10.
Bb3 h6 11. Be3 Kh7 12. dxe5 dxe5 13. Re2 Na5 14. Rd2 1-0

[Event "*** Titled Tuesday Blitz"]
[Site "Chess.com"]
[Date "2021.02.09"]
[Round "8"]
[White "Grandmaster2B"]
[Black "MF1966Idrisov"]
[Result "1-0"]
[WhiteElo "2532"]
[BlackElo "2397"]
[TimeControl "180+1"]
[EndTime "11:25:00 PST"]
[Termination "Grandmaster2B won by checkmate"]

1. e4 d6 2. d4 Nf6 3. Nc3 g6 4. f4 Bg7 5. Nf3 O-O 6. Bd3 c5 7. dxc5 dxc5 8. Qe2 Nc6 9. e5 Nd5 10. Nxd5 Qxd5 11. Be4 Qd7 12. c3 Qc7 13. h4 Bg4 14.
h5 Bxh5 15. Rxh5 gxh5 16. Bxh7+ Kxh7 17. Ng5+ Kg6 18. Qe4+ f5 19. exf6+ Kxf6 20. Qe6# 1-0

[Event "*** Titled Tuesday Blitz"]
[Site "Chess.com"]
[Date "2021.02.09"]
[Round "8"]
[White "ChessWarrior7197"]
[Black "Gabrielian_Artur"]
[Result "1-0"]
[WhiteElo "2962"]
[BlackElo "2818"]
[TimeControl "180+1"]
[EndTime "11:25:14 PST"]
[Termination "ChessWarrior7197 won by resignation"]

1. e4 e5 2. Nf3 Nc6 3. Bb5 g6 4. d4 exd4 5. Nxd4 Bg7 6. Nxc6 bxc6 7. Ba4 Ne7 8. Nc3 O-O 9. O-O d6 10. Bg5 Bd7 11. Qd2 Rb8 12. Bb3 Be6 13. Bh6 c5 14.
Bxg7 Kxg7 15. f4 Qd7 16. f5 gxf5 17. Qg5+ Kh8 18. Qf6+ Kg8 19. exf5 Nxf5 20. Rae1 Rfe8 21. Rxe6 fxe6 22. Rxf5 Re7 23. Rg5+ Rg7 24. Bxe6+ 1-0

[Event "*** Titled Tuesday Blitz"]
[Site "Chess.com"]
[Date "2021.02.09"]
[Round "8"]
[White "volunteers1998"]
[Black "Abdimalik_Abdisalimov"]
[Result "1-0"]
[WhiteElo "2071"]
[BlackElo "2262"]
[TimeControl "180+1"]
[EndTime "11:25:21 PST"]
[Termination "volunteers1998 won by resignation"]

1. e4 e5 2. Nc3 Nf6 3. Bc4 Nxe4 4. Qh5 Nd6 5. Bb3 Nc6 6. Nb5 g6 7. Qf3 f5 8. Qd5 Qg5 9. d4 Nxb5 10. Bxg5 Nd6 11.
Bf6 1-0

[Event "*** Titled Tuesday Blitz"]
[Site "Chess.com"]
[Date "2021.02.09"]
[Round "8"]
[White "ChristopherYoo"]
[Black "1977Ivan"]
[Result "1-0"]
[WhiteElo "2875"]
[BlackElo "2678"]
[TimeControl "180+1"]
[EndTime "11:25:22 PST"]
[Termination "ChristopherYoo won by resignation"]

1. e4 e5 2. Nf3 Nc6 3. Bb5 a6 4.
Ba4 Nf6 5. d4 exd4 6. O-O Be7 7.
e5 Ne4 8. Nxd4 Nc5 9. Nf5 g6 10. Nxe7 Qxe7 11. Nc3 Nxa4 12. Nd5 Qc5 13. Nxc7+ Kd8 14.
Nxa8 Qxe5 15. Re1 Qc5 16. Be3 Qb4 17. Bg5+ 1-0

[Event "*** Titled Tuesday Blitz"]
[Site "Chess.com"]
[Date "2021.02.09"]
[Round "8"]
[White "ViktoriyaTarasova"]
[Black "SkippingLaptop"]
[Result "0-1"]
[WhiteElo "2294"]
[BlackElo "2096"]
[TimeControl "180+1"]
[EndTime "11:25:23 PST"]
[Termination "SkippingLaptop won by resignation"]

1. d4 Nf6 2. c4 e6 3. Nc3 Bb4 4. Nf3 b6 5. e3 Bb7 6. Bd3 O-O 7. O-O Bxc3 8. bxc3 d6 9. Nd2 Nbd7 10. e4 e5 11. a4 c5 12. d5 g6 13. a5 Nh5 14.
a6 Bc8 15. g3 Ndf6 16. Be2 Bh3 17. Re1 Qd7 18. Nf3 Bg4 19. Ng5 Bxe2 20. Qxe2 Kh8 21. Kh1 h6 22. Nf3 Kg7 23. Nh4 Qh3 24.
f3 Nxg3+ 25. Kg1 Nxe2+ 26. Rxe2 Qxh4 0-1

[Event "*** Titled Tuesday Blitz"]
[Site "Chess.com"]
[Date "2021.02.09"]
[Round "8"]
[White "Sjakkerntobi"]
[Black "Euwe1234"]
[Result "0-1"]
[WhiteElo "2310"]
[BlackElo "2472"]
[TimeControl "180+1"]
[EndTime "11:25:30 PST"]
[Termination "Euwe1234 won by resignation"]

1. e4 c5 2. Nf3 d6 3. d4 cxd4 4. Qxd4 Nf6 5. Nc3 Nc6 6. Bb5 e5 7. Qd3 h6 8. Nd2 Bd7 9. Nc4 a6 10. Bxc6 Bxc6 11. Ne3 Be7 12. Ncd5 O-O 13. c3 Nxd5 14.
Nxd5 Bxd5 15. Qxd5 Qc7 16. Be3 Qc6 17. Rd1 Rac8 18. O-O Kh7 19. Qxc6 bxc6 20. f4 f6 21. fxe5 fxe5 22. Rxf8 Bxf8 23. Rf1 Kg6 24. Kf2 Be7 25. Ke2 d5 26. exd5 cxd5 27. Rd1 Rd8 28. g4 Bf6 29. a4 d4 30. cxd4 exd4 31. Bc1 Rb8 32. Rd3 Rb4 33.
b3 Rb7 34. Kf3 Rc7 35. Bf4 Rc2 36. Rd2 Rc3+ 37. Ke4 Rxb3 38. Be5 Re3+ 0-1

[Event "*** Titled Tuesday Blitz"]
[Site "Chess.com"]
[Date "2021.02.09"]
[Round "8"]
[White "hansen"]
[Black "VMikhalevski"]
[Result "1-0"]
[WhiteElo "2946"]
[BlackElo "2698"]
[TimeControl "180+1"]
[EndTime "11:25:48 PST"]
[Termination "hansen won by resignation"]

1. e4 e5 2. Nf3 Nc6 3. Bb5 g6 4. d4 exd4 5. Bg5 Be7 6. Bxe7 Qxe7 7. Bxc6 dxc6 8. Qxd4 Nf6 9. Nc3 Bg4 10. Nd2 O-O 11. h3 Rfd8 12. Qe3 Be6 13. O-O c5 14. Nf3 b6 15. Rfe1 Re8 16. Qh6 Qf8 17. Qh4 Qg7 18.
Rad1 h6 19. e5 Nd7 20. Ne4 g5 21. Qg3 Bf5 22. Rxd7 Bxd7 23. Nf6+ Kh8 24. Nxd7 Rad8 25. Nf6 Re6 26. h4 g4 27. Qxg4 Qxg4 28. Nxg4 c4 29.
a4 c6 30. h5 b5 31. Ra1 b4 32. Re1 b3 33. cxb3 cxb3 34. Re3 Rb8 35. Nd4 1-0

[Event "*** Titled Tuesday Blitz"]
[Site "Chess.com"]
[Date "2021.02.09"]
[Round "8"]
[White "skoularikii"]
[Black "Colombiano07"]
[Result "1-0"]
[WhiteElo "2495"]
[BlackElo "2317"]
[TimeControl "180+1"]
[EndTime "11:25:48 PST"]
[Termination "skoularikii won by resignation"]

1. e4 c6 2. d4 d5 3. e5 Bf5 4.
Nf3 e6 5. Be2 c5 6. Nbd2 Ne7 7.
dxc5 Nec6 8. Nb3 Nd7 9. Bf4 Nxc5 10. O-O Be7 11. Nbd4 Bg6 12. Nxc6 bxc6 13. Nd4 Rc8 14. c4 O-O 15. b4 Ne4 16. Qb3 Qb6 17. c5 Qb7 18. f3 1-0

[Event "*** Titled Tuesday Blitz"]
[Site "Chess.com"]
[Date "2021.02.09"]
[Round "8"]
[White "kidagent"]
[Black "Synctel"]
[Result "1-0"]
[WhiteElo "2273"]
[BlackElo "2019"]
[TimeControl "180+1"]
[EndTime "11:25:50 PST"]
[Termination "kidagent won by resignation"]

1. e4 e6 2. d4 d5 3. Nd2 Nc6 4. Ngf3 Nf6 5. e5 Nd7 6. Bb5 Be7 7. O-O O-O 8. c3 f6 9. exf6 Nxf6 10. Re1 Bd6 11.
Ne5 Ne7 12. Ndf3 c5 13. Bg5 Bxe5 14. dxe5 Ne4 15. Rxe4 dxe4 16. Qxd8 Rxd8 17. Bxe7 1-0

[Event "*** Titled Tuesday Blitz"]
[Site "Chess.com"]
[Date "2021.02.09"]
[Round "8"]
[White "dopolian"]
[Black "Klavdia_Nik"]
[Result "1-0"]
[WhiteElo "2375"]
[BlackElo "2062"]
[TimeControl "180+1"]
[EndTime "11:25:59 PST"]
[Termination "dopolian won by resignation"]

1. Nf3 Nf6 2. c4 c5 3. b3 g6 4. Bb2 Bg7 5. g3 b6 6. Bg2 Bb7 7. O-O O-O 8. d4 cxd4 9. Qxd4 Nc6 10. Qd1 d6 11. Nc3 Re8 12. Nd5 Nxd5 13. Bxg7 Ne3 14. Qc1 Nxf1 15. Bb2 Nxg3 16. hxg3 f6 17. Qh6 Rf8 18.
Ng5 1-0

[Event "*** Titled Tuesday Blitz"]
[Site "Chess.com"]
[Date "2021.02.09"]
[Round "8"]
[White "AttilaTurzo"]
[Black "Sergienko_Sergey"]
[Result "1-0"]
[WhiteElo "2533"]
[BlackElo "2392"]
[TimeControl "180+1"]
[EndTime "11:26:07 PST"]
[Termination "AttilaTurzo won by resignation"]

1. d4 Nf6 2. Nf3 d5 3. Bf4 Bf5 4. e3 e6 5. c4 c6 6. Nc3 Bd6 7. Qb3 Bxf4 8. Qxb7 Nbd7 9. exf4 Rb8 10. Qxa7 Rxb2 11.
Qa3 Qb8 12. Be2 dxc4 13. O-O Nd5 14. Bxc4 Nxc3 15. Qxc3 O-O 16. Bb3 Re2 17. g3 Bh3 18. Rfb1 Qd6 19. Qd3 1-0

[Event "*** Titled Tuesday Blitz"]
[Site "Chess.com"]
[Date "2021.02.09"]
[Round "8"]
[White "federicosellitti"]
[Black "zimmm36"]
[Result "1-0"]
[WhiteElo "2461"]
[BlackElo "2237"]
[TimeControl "180+1"]
[EndTime "11:26:15 PST"]
[Termination "federicosellitti won by resignation"]

1. e4 Nc6 2. Nc3 e5 3. f4 Bb4 4.
Nf3 d6 5. Bc4 Bxc3 6. dxc3 Bg4 7. O-O Nf6 8. Be3 Qe7 9. h3 Bxf3 10. Qxf3 exf4 11. Bxf4 Ne5 12. Qe2 O-O-O 13. Ba6 bxa6 14. Qxa6+ Kd7 15. Qa4+ Nc6 16. e5 Nd5 17. exd6 cxd6 18.
Rae1 Qh4 19. Qb5 Nc7 20. Qf5+ 1-0

[Event "*** Titled Tuesday Blitz"]
[Site "Chess.com"]
[Date "2021.02.09"]
[Round "8"]
[White "publicaccountcze"]
[Black "cstevens1"]
[Result "0-1"]
[WhiteElo "2251"]
[BlackElo "2706"]
[TimeControl "180+1"]
[EndTime "11:26:19 PST"]
[Termination "cstevens1 won by resignation"]

1. d4 Nf6 2. c4 Nc6 3. Nc3 e5 4.
Nf3 e4 5. Ng5 h6 6. Ngxe4 Nxe4 7. Nxe4 Qh4 8. Qd3 d5 9. cxd5 Nb4 10. Qb1 Bf5 11. Nd6+ cxd6 12. Qxf5 g6 13. Qb1 Rc8 14. e3 Nc2+ 15. Ke2 Nxa1 16. g3 Qe7 17. Bd2 Nc2 18. Kd1 Qe4 19. Bb5+ Ke7 0-1

[Event "*** Titled Tuesday Blitz"]
[Site "Chess.com"]
[Date "2021.02.09"]
[Round "8"]
[White "Sibelephant"]
[Black "youngKID"]
[Result "1-0"]
[WhiteElo "3032"]
[BlackElo "2846"]
[TimeControl "180+1"]
[EndTime "11:26:24 PST"]
[Termination "Sibelephant won by resignation"]

1. Nf3 Nf6 2. b3 g6 3. Bb2 Bg7 4. g3 b6 5. Bg2 Bb7 6. O-O O-O 7. c4 c5 8. e3 d5 9. cxd5 Bxd5 10. Nc3 Bb7 11.
d4 cxd4 12. Nxd4 Bxg2 13. Kxg2 Na6 14. Qf3 Rc8 15. Rfd1 e5 16. Ne6 fxe6 17. Rxd8 Rcxd8 18. Rd1 Nd5 19. Qg4 Nc5 20. b4 Nf6 21. Qc4 1-0

[Event "*** Titled Tuesday Blitz"]
[Site "Chess.com"]
[Date "2021.02.09"]
[Round "8"]
[White "PushingpawnsNYC"]
[Black "Balla_Tamas"]
[Result "0-1"]
[WhiteElo "2307"]
[BlackElo "2479"]
[TimeControl "180+1"]
[EndTime "11:26:27 PST"]
[Termination "Balla_Tamas won by resignation"]

1. e4 c5 2. Nc3 e6 3. g3 a6 4. Bg2 b5 5. d3 Bb7 6. Nh3 b4 7. Ne2 d5 8. O-O dxe4 9. Ng5 Nf6 10. Nxe4 Nxe4 11. dxe4 Qxd1 12. Rxd1 Nc6 13. c3 a5 14. Be3 Be7 15. a3 b3 16. f4 Rd8 17.
e5 O-O 18. Kf2 a4 19. c4 f6 20. exf6 Bxf6 21. Bxc5 Bxb2 22. Rab1 Bf6 23. Bxf8 Kxf8 24. Rxd8+ Nxd8 25. Bxb7 Nxb7 26. Ke3 Na5 27. Kd3 Nb7 28. c5 Nxc5+ 29. Kc4 Ne4 30. Rd1 b2 31. Kd3 Nf2+ 0-1

[Event "*** Titled Tuesday Blitz"]
[Site "Chess.com"]
[Date "2021.02.09"]
[Round "8"]
[White "XDPS"]
[Black "aa175"]
[Result "1-0"]
[WhiteElo "2746"]
[BlackElo "2602"]
[TimeControl "180+1"]
[EndTime "11:26:32 PST"]
[Termination "XDPS won by resignation"]

1. d4 e5 2. dxe5 Nc6 3. Nf3 Qe7 4. Qd5 f6 5. exf6 Nxf6 6. Qb3 d5 7. Nc3 Bd7 8. Bg5 Na5 9. Bxf6 Nxb3 10. Bxe7 Nxa1 11.
Bxf8 Rxf8 12. Kd2 d4 13. Nxd4 c5 14. Nf3 O-O-O 15. Kc1 b5 16. e4 b4 17. Nd5 Bg4 18.
Ne5 Be6 19. Ba6+ 1-0

[Event "*** Titled Tuesday Blitz"]
[Site "Chess.com"]
[Date "2021.02.09"]
[Round "8"]
[White "Mikhail_Golubev"]
[Black "MartinMatthiesen"]
[Result "1-0"]
[WhiteElo "2535"]
[BlackElo "2392"]
[TimeControl "180+1"]
[EndTime "11:26:46 PST"]
[Termination "Mikhail_Golubev won by resignation"]

1. e4 c6 2. d4 d5 3. Nc3 dxe4 4. Nxe4 Bf5 5. Ng3 Bg6 6. c3 e6 7. Nh3 Nf6 8. Nf4 Nbd7 9. h4 Qc7 10. h5 Bf5 11.
Nxf5 exf5 12. Bd3 Bd6 13. Qe2+ Kf8 14. Qf3 Re8+ 15. Kf1 Ne4 16. Ne2 g6 17. hxg6 fxg6 18. Bh6+ Kg8 19. Bc4+ 1-0

[Event "*** Titled Tuesday Blitz"]
[Site "Chess.com"]
[Date "2021.02.09"]
[Round "8"]
[White "FMalexhdez"]
[Black "BabyBoss31"]
[Result "0-1"]
[WhiteElo "2179"]
[BlackElo "2337"]
[TimeControl "180+1"]
[EndTime "11:26:47 PST"]
[Termination "BabyBoss31 won by resignation"]

1. e4 c6 2. d4 d5 3. exd5 cxd5 4.
Bd3 Nf6 5. c3 Bg4 6. Qb3 Qc7 7.
Nd2 Nc6 8. Ngf3 e6 9. O-O Bd6 10. Re1 O-O 11. h3 Bh5 12. a4 Na5 13. Qa2 a6 14.
Ne5 Bg6 15. Nxg6 hxg6 16. Nf3 Rac8 17. Ne5 Nd7 18. f4 Bxe5 19. fxe5 Nc4 20. b3 Ncxe5 21. dxe5 Qxc3 22. Ba3 Qxd3 23. Bxf8 Nxf8 24. Rac1 Rxc1 25. Rxc1 Qe3+ 0-1

[Event "*** Titled Tuesday Blitz"]
[Site "Chess.com"]
[Date "2021.02.09"]
[Round "8"]
[White "rugbyclub"]
[Black "alejogarcia1999"]
[Result "1-0"]
[WhiteElo "2309"]
[BlackElo "2434"]
[TimeControl "180+1"]
[EndTime "11:26:48 PST"]
[Termination "rugbyclub won by resignation"]

1. e4 c5 2. Nc3 e6 3. Nf3 Nc6 4. d4 cxd4 5. Nxd4 Nf6 6. Nxc6 bxc6 7. Bd3 d5 8. O-O Be7 9. Bg5 O-O 10. e5 Nd7 11.
Bxe7 Qxe7 12. f4 f6 13. Qe2 fxe5 14. fxe5 Bb7 15. b4 Qxb4 16. Qh5 g6 17. Bxg6 Qe7 18.
Bd3 Qg7 19. Rab1 Rxf1+ 20. Rxf1 Nxe5 21. Bxh7+ Qxh7 22. Qxe5 Qe7 23. Rf6 Qc5+ 24. Kh1 Rf8 25. Qg5+ 1-0

[Event "*** Titled Tuesday Blitz"]
[Site "Chess.com"]
[Date "2021.02.09"]
[Round "8"]
[White "zim0ne"]
[Black "Savagelittlemole"]
[Result "1-0"]
[WhiteElo "2532"]
[BlackElo "2396"]
[TimeControl "180+1"]
[EndTime "11:26:55 PST"]
[Termination "zim0ne won by resignation"]

1. Nf3 Nf6 2. c4 Nc6 3. d4 d6 4. g3 Bg4 5. Bg2 g6 6. d5 Bxf3 7. exf3 Ne5 8. f4 Ned7 9. Nc3 Bg7 10. O-O O-O 11. h4 h5 12. Bh3 Nc5 13. Re1 a5 14. Be3 b6 15. f5 Nce4 16. Nxe4 Nxe4 17. Qc2 gxf5 18. Bxf5 Nf6 19. Bg5 Kh8 20. Re3 e6 21.
dxe6 fxe6 22. Rxe6 d5 23. Rd1 c6 24. Rxc6 d4 25.
Qe2 Qe8 26. Re6 Qf7 27. Re7 Qg8 28. Rxd4 Rf7 29. Rdd7 Rxe7 30. Rxe7 Rf8 31. Bg6 a4 32. Bxf6 Rxf6 33. Qxh5+ 1-0

[Event "*** Titled Tuesday Blitz"]
[Site "Chess.com"]
[Date "2021.02.09"]
[Round "8"]
[White "night_player"]
[Black "RafalBRC"]
[Result "0-1"]
[WhiteElo "2185"]
[BlackElo "2090"]
[TimeControl "180+1"]
[EndTime "11:26:56 PST"]
[Termination "RafalBRC won by resignation"]

1. e4 e6 2. d4 d5 3. Nc3 Nf6 4. e5 Nfd7 5. Nce2 c5 6. c3 Nc6 7.
a3 b5 8. Nf3 a5 9. Nf4 b4 10.
axb4 cxb4 11. Bd3 bxc3 12. bxc3 Ba6 13. O-O Bxd3 14. Qxd3 Be7 15. c4 Nb4 16. Qc3 dxc4 17. Qxc4 O-O 18. d5 Nb6 19. Qb3 N6xd5 20. Nh5 Qc8 21.
Bg5 Bxg5 22. Nxg5 Qc3 23. Qxc3 Nxc3 24. Ra3 Nbd5 25. f4 h6 26. Nf3 Ne2+ 27. Kf2 Nexf4 28. Nxf4 Nxf4 29. Rfa1 Rfc8 30. Rxa5 Rxa5 31. Rxa5 Rc2+ 32. Kg3 Nxg2 33. Ra8+ Kh7 34. Rf8 Kg6 35. h4 Ne3 36. h5+ Kxh5 37. Rxf7 Nf5+ 38. Kf4 Rc4+ 0-1

[Event "*** Titled Tuesday Blitz"]
[Site "Chess.com"]
[Date "2021.02.09"]
[Round "8"]
[White "Kaponov"]
[Black "c_r_e_e_p_e_r"]
[Result "1/2-1/2"]
[WhiteElo "2212"]
[BlackElo "2377"]
[TimeControl "180+1"]
[EndTime "11:26:58 PST"]
[Termination "Game drawn by repetition"]

1. e4 c5 2. Nf3 e6 3. d3 d5 4.
Nbd2 Nc6 5. g3 Nf6 6. Bg2 Be7 7. O-O Qc7 8. Re1 O-O 9. e5 Nd7 10. Qe2 b5 11. Nf1 a5 12. Bf4 b4 13. h4 a4 14.
a3 bxa3 15. bxa3 Rb8 16. N1h2 Ba6 17. Ng5 Nd4 18. Qh5 h6 19. Rac1 Nf5 20. Bxd5 exd5 21. e6 Bd6 22. Bxd6 Qxd6 23. Nxf7 Nxg3 24. Nxh6+ gxh6 25. Qg6+ Kh8 26. Qxh6+ Kg8 27. Qg6+ Kh8 28. Qh6+ Kg8 29.
Qg6+ Kh8 30. Qh6+ 1/2-1/2

[Event "*** Titled Tuesday Blitz"]
[Site "Chess.com"]
[Date "2021.02.09"]
[Round "8"]
[White "Alexchess1984"]
[Black "rpragchess"]
[Result "0-1"]
[WhiteElo "2725"]
[BlackElo "2874"]
[TimeControl "180+1"]
[EndTime "11:27:01 PST"]
[Termination "rpragchess won by resignation"]

1. e4 Nc6 2. Nf3 d6 3. d4 Nf6 4. Nc3 g6 5. Be3 Bg7 6. Qd2 a6 7. Bh6 Bxh6 8. Qxh6 Bg4 9. O-O-O Qd7 10. h3 Bxf3 11.
gxf3 O-O-O 12. h4 Kb8 13. d5 Ne5 14. Bh3 e6 15. Qe3 Qe7 16. f4 Ned7 17. dxe6 fxe6 18. e5 dxe5 19. fxe5 Nh5 20. f4 Rhf8 21. Rhf1 Nb6 22. Rxd8+ Rxd8 23. Bg2 Qb4 24. Qf3 Nc4 25. Na4 c6 0-1